Map: Magannatha LE

Players

ManlyManMeat

  • Race: Zerg Zerg
  • League: Platinum
  • Spawn Location: 5:00

TrusyEnota - Winner!

  • Race: Terran Terran
  • League: Diamond
  • Spawn Location: 11:00

VOD

Have the link to the VOD?

Description

Time

  • Played on: June 20, 2025, 4:53 p.m.
  • Length: 12:21
Show
View Real Time Build Order
Export as new Build Order

ManlyManMeat Zerg 

Build Orders: Hatch First 

Get SALT Encoding   

  12  0:00  Drone  
  13  0:12  Overlord  
  13  0:16  Drone  
  14  0:31  Drone x2  
  16  0:37  Drone  
  17  0:52  Hatchery  
  17  0:53  Drone  
  17  0:57  Drone  
  18  1:08  Extractor  
  17  1:13  Spawning Pool  
  17  1:16  Drone  
  17  1:24  Drone  
  18  1:32  Drone  
  19  1:40  Drone  
  20  1:52  Overlord  
  20  2:00  Queen  
  22  2:03  Queen  
  22  2:05  Zergling x2  
  22  2:07  Zergling x2  
  26  2:16  Metabolic Boost  
  26  2:20  Drone x2  
  28  2:31  Drone x2  
  30  2:44  Hatchery  
  30  2:50  Drone x3  
  32  2:57  Overlord  
  32  3:00  Drone x2  
  33  3:07  Zergling x2  
  34  3:18  Zergling x4  
  36  3:20  Drone x2  
  36  3:21  Drone  
  39  3:33  Zergling x2  
  39  3:34  Zergling x2  
  41  3:46  Drone x2  
  41  3:47  Overlord x2  
  43  3:55  Queen  
  43  3:56  Queen  
  44  4:19  Zergling x6  
  44  4:20  Zergling x2, Drone x2  
  44  4:21  Drone  
  44  4:23  Drone x5  
  56  4:32  Baneling Nest  
  56  4:37  Extractor  
  54  4:56  Drone x5  
  56  5:04  Drone  
  56  5:05  Drone x4, Overlord x2  
  56  5:06  Overlord x3  
  61  5:19  Lair  
  61  5:23  Evolution Chamber  
  62  5:35  Drone x2  
  62  5:36  Drone x2  
  65  5:42  Zergling x2  
  65  5:43  Zergling x22  
  76  5:55  Drone x2  
  76  5:56  Drone  
  79  5:58  Hatchery  
  78  6:06  Baneling x12  
  78  6:07  Baneling  
  78  6:17  Hatchery  
  73  6:31  Zergling x32  
  87  6:46  Zerg Melee Weapons Level 1  
  87  6:49  Centrifugal Hooks  
  87  6:53  Extractor  
  86  7:06  Overlord x4  
  86  7:07  Overlord  
  86  7:08  Overseer  
  86  7:13  Zergling x18  
  95  7:23  Zergling x12  
  101  7:31  Zergling x2  
  101  7:32  Zergling x10  
  107  7:39  Zergling x4  
  102  7:54  Zergling x20  
  102  7:56  Hatchery  
  107  8:00  Hatchery  
  100  8:08  Zergling x8  
  100  8:09  Zergling x8  
  86  8:17  Zergling x20  
  91  8:30  Zergling x12  
  97  8:37  Zergling x8  
  97  8:39  Baneling x6  
  97  8:40  Baneling x2  
  97  8:41  Baneling x3  
  101  8:42  Baneling x13  
  101  8:46  Drone x2  
  103  9:03  Zergling x18  
  104  9:19  Zergling x2  
  104  9:20  Zergling x20  
  115  9:27  Zergling x20  
  115  9:29  Drone  
  97  9:45  Zergling x22  
  85  9:57  Zergling x6  
  85  9:58  Zergling x16  
  91  10:00  Drone x2  
  91  10:02  Drone x3  
  91  10:05  Baneling x15  
  96  10:16  Baneling x6  
  96  10:17  Zergling x2  
  96  10:18  Zergling x10  
  102  10:28  Drone x8  
  92  11:01  Zergling x16  
  92  11:02  Zergling x38  
  106  11:20  Zergling x2  
  106  11:21  Zergling x14  
  111  11:31  Zergling x8  
  111  11:32  Zergling x4  
  117  11:33  Baneling x6  
  117  11:34  Baneling x10  
  95  11:48  Zergling x28  
  95  11:49  Zergling x4  
  91  11:58  Drone x6  
Show
View Real Time Build Order
Export as new Build Order

TrusyEnota Terran - Winner!

Build Orders: Command Center First 

Get SALT Encoding   

  12  0:00  SCV  
  13  0:15  SCV  
  13  0:18  Supply Depot  
  14  0:27  SCV  
  15  0:40  SCV  
  16  0:56  Command Center  
  16  1:00  SCV  
  17  1:12  SCV  
  18  1:24  SCV  
  19  1:32  Barracks  
  19  1:34  Barracks  
  19  1:37  Refinery  
  19  1:40  Refinery  
  19  1:41  SCV  
  20  1:53  SCV  
  21  2:05  SCV  
  22  2:17  SCV  
  22  2:19  Orbital Command  
  23  2:24  Reaper x2  
  25  2:30  Orbital Command  
  25  2:46  Supply Depot, SCV  
  26  2:56  Reaper  
  26  2:57  Reaper  
  26  2:58  SCV  
  29  3:10  SCV  
  30  3:16  SCV  
  30  3:19  Factory  
  31  3:22  SCV  
  32  3:28  SCV  
  33  3:34  SCV  
  33  3:38  Barracks Tech Lab, Barracks Reactor  
  33  3:40  SCV  
  35  3:43  Supply Depot  
  35  3:46  SCV  
  35  3:52  SCV  
  36  3:59  Stimpack, SCV  
  36  4:00  Marine  
  38  4:16  Marine x2  
  40  4:22  SCV x2  
  42  4:24  Factory Tech Lab  
  42  4:29  Starport  
  42  4:31  Command Center, Engineering Bay x2  
  42  4:34  SCV  
  42  4:37  SCV  
  44  4:40  Refinery  
  44  4:41  Refinery  
  44  4:43  Marine x3  
  47  4:46  SCV  
  47  4:49  SCV  
  47  4:50  Siege Tank  
  52  4:58  SCV  
  53  5:00  Marine  
  53  5:01  Marine, SCV  
  53  5:04  Marine  
  54  5:16  Supply Depot x2, SCV x2  
  54  5:17  Terran Infantry Armor Level 1, Terran Infantry Weapons Level 1  
  54  5:18  Marine x2  
  54  5:20  Supply Depot  
  58  5:22  Marine  
  58  5:23  Starport Reactor  
  59  5:35  Supply Depot  
  59  5:36  Marine x2  
  59  5:38  Supply Depot, Combat Shield  
  59  5:39  Marine  
  59  5:42  Barracks  
  62  5:44  Barracks  
  62  5:48  Barracks  
  62  5:54  Marine x2  
  64  5:57  Marine  
  65  6:12  Marine x2  
  65  6:15  Marine  
  65  6:17  Bunker  
  59  6:28  Orbital Command  
  59  6:29  Marine  
  59  6:32  SCV x2  
  61  6:33  Marauder, Medivac x2  
  61  6:37  Armory  
  67  6:40  Barracks Tech Lab x2, Barracks Reactor  
  67  6:44  SCV  
  67  6:46  Siege Tank  
  71  6:50  Marine x2  
  73  6:55  Marauder  
  73  6:57  Concussive Shells  
  75  7:03  Medivac  
  75  7:07  Marine, Medivac  
  80  7:23  Marauder x3, Marine x3  
  80  7:25  Marine  
  80  7:26  SCV x2  
  80  7:28  SCV  
  93  7:33  Refinery, Medivac  
  65  7:37  Terran Infantry Armor Level 2, Terran Infantry Weapons Level 2, Medivac  
  95  7:41  Marine x3  
  95  7:43  Marine  
  101  7:44  Marauder x2, Marine  
  106  7:59  Marine x3  
  106  8:01  Marine  
  106  8:02  Marauder  
  112  8:06  Marauder x2  
  95  8:17  Marine  
  95  8:18  Marine x2  
  94  8:24  Marauder  
  94  8:27  Marauder x2, Command Center, Marine  
  96  8:28  Command Center  
  96  8:31  Terran Vehicle Weapons Level 1  
  101  8:34  Marine  
  101  8:36  Marine x2  
  104  8:45  Marauder, Marine  
  109  8:48  Marauder  
  109  8:49  Marauder  
  109  8:52  Marine  
  112  8:58  Marine  
  112  8:59  Marine  
  112  9:01  Siege Tank  
  117  9:13  Supply Depot  
  117  9:14  Marine  
  117  9:16  Marauder x2, Supply Depot, Medivac x2  
  117  9:17  Marauder  
  117  9:35  Marine  
  117  9:38  Marauder x3  
  113  9:59  Marauder x2  
  119  10:00  Marauder  
  119  10:09  Supply Depot  
  119  10:10  Supply Depot x2  
  119  10:15  Planetary Fortress  
  119  10:22  SCV x3  
  122  10:34  SCV x2  
  124  10:45  Supply Depot  
  124  10:52  Marauder x3  
  124  10:54  Marine  
  122  11:04  Marine  
  122  11:05  Marine  
  123  11:12  Marine  
  123  11:13  Marine  
  123  11:14  Marauder x2  
  129  11:22  Marine x2  
  131  11:30  Marine  
  131  11:32  Marauder  
  123  11:35  Marauder x2  
  125  11:40  Marine x2  
  126  11:48  Marine, Medivac x2  
  126  11:53  Marauder  
  130  11:56  Marine x2  
  130  11:58  Marine x2  
Tags
 
Add a new tag
Caveats
  • Supply blocks, unpowered buildings, or Contaminate may cause inaccurate times.
  • Supply counts are checked every 10 seconds.